 Dungeon Crawl Stone Soup version 0.30-a0-711-gf4ac18a38d (webtiles) character file.

Game seed: 17040857272259231649

102 PyroL the Trooper (level 5, -1/40 HPs)
             Began as a Djinni Warper on Jan 22, 2023.
             Slain by flotson's ghost (6 damage)
             ... on level 3 of the Dungeon.
             The game lasted 00:04:27 (2043 turns).

PyroL the Trooper (Djinni Warper)                   Turns: 2043, Time: 00:04:27

Health: -1/40      AC:  5    Str: 10    XL:     5   Next: 5%
Gold:   140        EV: 11    Int: 23    God:
                   SH:  0    Dex: 12

rFire   + + .      SeeInvis .    a - +0 short sword
rCold   x . .      Faith    .    (no shield)
rNeg    . . .      Spirit   .    b - +0 leather armour
rPois   ∞          Reflect  .    l - +0 helmet
rElec   .          Harm     .    (no cloak)
rCorr   .          Rampage  .    r - +0 pair of gloves
Will    +....                    (boots unavailable)
Stlth   +                        (no amulet)
HPRegen 0.26/turn                n - ring of willpower
MPRegen 0.00/turn                s - +6 ring of intelligence

@: flying
A: sickness immunity, fire resistance 2, cold vulnerability 1, float, innate
caster, HP casting, extra vitality 1
a: no special abilities


You were on level 3 of the Dungeon.
You visited 1 branch of the dungeon, and saw 3 of its levels.

You collected 140 gold pieces.

Inventory:

Hand Weapons
 a - a +0 short sword (weapon)
Missiles
 d - 4 boomerangs of dispersal
 p - 4 poisoned darts
Armour
 b - a +0 leather armour (worn)
 l - a +0 helmet (worn)
 r - a +0 pair of gloves (worn)
Jewellery
 n - a ring of willpower (left hand)
 s - a +6 ring of intelligence (right hand)
Wands
 m - a wand of flame (12)
Scrolls
 c - 2 scrolls of blinking
 f - a scroll of teleportation
 i - 2 scrolls of brand weapon {unknown}
 o - 2 scrolls of identify {unknown}
 q - a scroll of silence {unknown}
Potions
 e - 3 potions of might {unknown}
 g - a potion of heal wounds {unknown}
 h - 3 potions of lignification {unknown}
 j - a potion of haste {unknown}
 k - 4 potions of curing {unknown}


   Skills:
 + Level 3.6 Fighting
 - Level 1.7 Short Blades
 - Level 0.7 Throwing
 - Level 1.0 Armour
 - Level 2.1 Dodging
 + Level 3.4 Spellcasting


You couldn't memorise any spells.
You knew the following spells:

 Your Spells              Type           Power      Damage    Failure   Level
a - Blink                 Tloc           38%        N/A       5%          2
b - Lesser Beckoning      Tloc           38%        N/A       5%          2
c - Vhi's Electric Charg  Tloc/Air       38%        N/A       11%         3
d - Teleport Other        Tloc           19%        N/A       11%         3
e - Manifold Assault      Tloc           19%        N/A       36%         4
f - Slow                  Hex            76%        N/A       3%          1
g - Scorch                Fire           38%        2d6       5%          2
Your spell library was empty.

Dungeon Overview and Level Annotations

Branches:
Dungeon (3/15)

Altars:
Qazlal

Shops:
D:2 (

Annotations:
D:3 flotson's ghost, weakling DsDe


Innate Abilities, Weirdness & Mutations

You are immune to sickness and miasma.
You are immune to poison.
Your flesh is very heat resistant. (rF++)
You are vulnerable to cold. (rC-)
You float through the air rather than walking.
You learn spells naturally, not from books.
Your magical power is your life essence.
You have superior vitality. (+4 MHP)


Message History

You closely miss flotson's ghost.
Flotson's ghost is moderately damaged.
Flotson's ghost whispers, "Soon you will have time, lots of time..."
Flotson's ghost hits you but does no damage.
You hit flotson's ghost but do no damage.
Flotson's ghost is moderately damaged.
You feel stable enough to blink again. Flotson's ghost completely misses you.
You hit flotson's ghost but do no damage.
Flotson's ghost is moderately damaged.
Flotson's ghost is no longer more vulnerable to fire.
Flotson's ghost hits you.
* * * LOW HITPOINT WARNING * * *
You closely miss flotson's ghost.
Flotson's ghost is moderately damaged.
Flotson's ghost hits you but does no damage.
You barely miss flotson's ghost.
Flotson's ghost is moderately damaged.
Flotson's ghost barely misses you.
Your magical contamination has completely faded away.
You hit flotson's ghost.
Flotson's ghost is heavily damaged.
Flotson's ghost hits you.
* * * LOW HITPOINT WARNING * * *
You hit flotson's ghost.
Flotson's ghost is severely damaged.
Flotson's ghost hits you.
* * * LOW HITPOINT WARNING * * *
You hit flotson's ghost but do no damage.
Flotson's ghost is severely damaged.
Flotson's ghost hits you.
* * * LOW HITPOINT WARNING * * *
Casting: Scorch (safe; 5% risk of failure)
Confirm with . or Enter, or press ? or * to list all spells.
Flames lash flotson's ghost.
Flotson's ghost is almost destroyed.
Flotson's ghost's fire resistance burns away.
* * * LOW HITPOINT WARNING * * *
Flotson's ghost hits you.
You die...

#.##.###.###.##.# #.#
#.......#
#.#....#...#....# #.#
#########
#.#..#.###.###### #.#
+....#.# #.# #.# #.##.#.#
#.# #.# ..#....# #.# #.#
..#..#####.# #.#
#.#........#
#######.#########
#.#........#
#..@W...(........
#....#...#.#
#.#####.########.
#....#...#######.....###.#
#........# §§#..........#
#..#.#...## §§§...#..###.#
#.........# §§#......# #.#
##...##.### ###......# #.#
..........# ##.###.###.#
........#.# #.# #.....#


You could see flotson's ghost (combustible).

Vanquished Creatures
  A hound (D:3)
  2 adders (D:3)
  A dart slug (D:3)
  An orc (D:3)
  3 endoplasms
  3 giant cockroaches
  4 goblins
  3 hobgoblins
  6 jackals
  A kobold (D:2)
  2 quokkas
  8 ball pythons
  2 bats
  7 frilled lizards
  5 rats
49 creatures vanquished.

Notes
Turn   | Place    | Note
-------+----------+-------------------------------------------
     0 | D:1      | PyroL the Djinni Warper began the quest for the Orb.
     0 | D:1      | PyroL set off with the following spells memorised: Blink,
                  | Lesser Beckoning, Vhi's Electric Charge, Teleport Other,
                  | Manifold Assault.
     0 | D:1      | Reached XP level 1. HP: 18/18 MP: 0/0
   283 | D:1      | Reached XP level 2. HP: 24/24 MP: 0/0
   584 | D:2      | Reached XP level 3. HP: 17/29 MP: 0/0
   584 | D:2      | Learned a level 1 spell: Slow
   818 | D:2      | Found a stormy altar of Qazlal.
   911 | D:2      | Found Hiuxt's Weapon Shop.
  1160 | D:3      | Reached XP level 4. HP: 25/35 MP: 0/0
  1965 | D:3      | Found a runed translucent door.
  1984 | D:3      | Noticed flotson's ghost (weakling DsDe)
  2025 | D:3      | Reached XP level 5. HP: 30/40 MP: 0/0
  2025 | D:3      | Learned a level 2 spell: Scorch
  2043 | D:3      | Slain by flotson's ghost

Illustrated notes

Levels and vault maps discovered:
D:1:      erik_arrival_blinker_ship, layout_rooms
D:2:      layout_rooms, serial_shops, shop, basic_altar
D:3:      layout_basic, ebering_ghost_inner_flame

Skill      XL: |  1  2  3 |
---------------+----------+-----
Spellcasting   | 3 |  3.4
Fighting       | 3 |  3.6
Short Blades   | |  1.7
Throwing       | |  0.7
Armour         | |  1.0
Dodging        | |  2.1

Action                     |  1- 3 |  4- 6 || total
---------------------------+-------+-------++-------
  Melee: Short sword       |   142 |   133 ||   275
         Punch             |     2 |     1 ||     3
  Throw: Boomerang         |     3 |       ||     3
         Dart              |       |     2 ||     2
   Cast: Slow              |       |     5 ||     5
         Blink             |       |     2 ||     2
         Scorch            |       |     3 ||     3
    Use: Scroll            |     2 |       ||     2
   Stab: Sleeping          |     2 |       ||     2
 Armour: Leather armour    |    55 |    40 ||    95
  Dodge: Dodged            |   110 |    69 ||   179

Table legend: (Time is in decaauts)
 A = Elapsed time spent in this place.
 B = Non-inter-level travel time spent in this place.
 C = Inter-level travel time spent in this place.
 D = Time resting spent in this place.
 E = Time spent auto-exploring this place.
 F = Levels seen in this place.
 G = Mean time per level.
                   A        B        C        D        E       F      G
               +--------+--------+--------+--------+--------+-----+--------+
         Total |   2017 |   1983 |     34 |      0 |   1444 |   3 |  672.3 |
       Dungeon |   2017 |   1983 |     34 |      0 |   1444 |   3 |  672.3 |
               +--------+--------+--------+--------+--------+-----+--------+

Top non-repeatable levels by time:
     D:3: 909 daAuts
     D:2: 645 daAuts
     D:1: 461 daAuts
